 Dungeon Crawl Stone Soup version 0.30-a0-451-ge042605de7 (webtiles) character file.

Game seed: 12106170825097313375

40086 Angani the Placeless Draconian (level 13, -4/113 HPs)
             Began as a Red Draconian Reaver on Dec 9, 2022.
             Was a High Priest of Zin.
             Killed by divine providence
             ... invoked by a meliai
              (15 damage)
             ... on level 14 of the Dungeon on Dec 11, 2022.
             The game lasted 00:58:45 (19384 turns).

Angani the Placeless Draconian (DrRe)              Turns: 19384, Time: 00:58:46

Health: -4/113     AC: 21    Str: 15    XL:     13   Next: 72%
Magic:  7/27       EV: 15    Int: 16    God:    Zin [*****.]
Gold:   1084       SH:  0    Dex: 12    Spells: 17/32 levels left

rFire   + . .      SeeInvis .    F - +2 bardiche (freeze)
rCold   + . .      Faith    .    (shield currently unavailable)
rNeg    + . .      Spirit   .    (body armour unavailable)
rPois   .          Reflect  .    (helmet restricted)
rElec   .          Harm     .    x - +2 cloak {Will+}
rCorr   .          Rampage  .    E - +2 pair of gloves
Will    ++...                    g - +2 pair of boots
Stlth   +.........               f - macabre finger necklace {rN+}
HPRegen 0.38/turn                m - +4 ring of protection
MPRegen 0.20/turn                y - ring of willpower
                                 t - ring of protection from cold

@: no status effects
A: breathe fire, AC +8, unfitting armour, fire resistance 1, cold-blooded
a: Breathe Fire, Renounce Religion, Recite, Vitalisation, Imprison, Sanctuary,
Donate Gold


You were on level 14 of the Dungeon.
You worshipped Zin.
Zin was extremely pleased with you.
You visited 2 branches of the dungeon, and saw 17 of its levels.
You also visited: Gauntlet.

You collected 1924 gold pieces.
You donated 840 gold pieces to Zin.

Inventory:

Hand Weapons
 i - a +3 spear of venom
 F - a +2 bardiche of freezing (weapon)
Armour
 g - a +2 pair of boots (worn)
 s - a +0 kite shield
 x - a +2 cloak of willpower (worn)
 E - a +2 pair of gloves (worn)
Jewellery
 f - the macabre finger necklace (around neck) {rN+}
   (You found it in a Gauntlet)

   [amulet of nothing]

   It enables you to equip an extra ring.
   rN:        It protects you from negative energy.
 h - a ring of wizardry
 m - a +4 ring of protection (left hand)
 t - a ring of protection from cold (on amulet)
 y - a ring of willpower (right hand)
 z - a ring of protection from fire
 C - a ring of positive energy
Wands
 p - a wand of iceblast (1)
 v - a wand of flame (4)
 A - a wand of mindburst (18)
Scrolls
 a - 3 scrolls of butterflies
 b - 5 scrolls of fear
 j - 2 scrolls of blinking
 k - a scroll of amnesia
 l - 2 scrolls of vulnerability
 n - 3 scrolls of noise
 o - a scroll of silence
 r - a scroll of teleportation
 B - a scroll of summoning
 I - a scroll of brand weapon
Potions
 e - 4 potions of curing
 q - a potion of heal wounds
 u - a potion of berserk rage
 w - a potion of resistance
 D - a potion of invisibility
 G - a potion of flight
 H - a potion of haste
 J - a potion of brilliance
 O - 3 potions of mutation
Miscellaneous
 c - a tin of tremorstones (2/2)


   Skills:
 - Level 10.1 Fighting
 - Level 10.5 Polearms
 + Level 9.2 Dodging
 - Level 10.1 Spellcasting
 - Level 3.0 Conjurations
 + Level 11.0 Translocations
 - Level 10.0 Invocations


You had 17 spell levels left.
You knew the following spells:

 Your Spells              Type           Power      Damage    Failure   Level
b - Momentum Strike       Conj/Tloc      60%        3d9       1%          2
c - Gell's Gravitas       Tloc           43%        N/A       1%          3
d - Lesser Beckoning      Tloc           86%        N/A       1%          3
e - Teleport Other        Tloc           43%        N/A       1%          3
f - Apportation           Tloc           86%        N/A       1%          1
g - Vhi's Electric Charg  Tloc/Air       50%        N/A       2%          3

Your spell library contained the following spells:

 Spells                   Type           Power      Damage    Failure   Level
 Magic Dart               Conj           68%        1d6       2%          1
 Kiss of Death            Conj/Necr      48%        2d9       4%          1
 Slow                     Hex            32%        N/A       9%          1
 Call Imp                 Summ           8%         N/A       14%         2
 Ensorcelled Hibernation  Hex/Ice        16%        N/A       14%         2
 Hailstorm                Conj/Ice       12%        3d5       14%         3
 Stone Arrow              Conj/Erth      24%        3d8       14%         3
 Mephitic Cloud           Conj/Pois/Air  11%        N/A       19%         3
 Confusing Touch          Hex            8%         N/A       26%         3
 Frozen Ramparts          Ice            16%        1d3       26%         3
 Ozocubu's Armour         Ice            8%         N/A       26%         3
 Spider Form              Tmut/Pois      8%         N/A       26%         3
 Vampiric Draining        Necr           8%         2d6       26%         3
 Anguish                  Hex/Necr       4%         N/A       65%         4
 Ice Form                 Ice/Tmut       8%         N/A       65%         4
 Summon Ice Beast         Ice/Summ       8%         N/A       65%         4
 Arcjolt                  Conj/Air       6%         1d16      80%         5
 Alistair's Intoxication  Tmut/Pois      5%         N/A       94%         5
 Metabolic Englaciation   Hex/Ice        4%         N/A       94%         5
 Simulacrum               Ice/Necr       4%         N/A       100%        6
 Ozocubu's Refrigeration  Ice            4%         4d8       100%        7
 Lehudib's Crystal Spear  Conj/Erth      6%         10d3      100%        8
 Maxwell's Capacitive Co  Air            4%         ∞         100%        8
 Animate Armour           Summ/Erth      Unusable   N/A       N/A         4

Dungeon Overview and Level Annotations

Branches:
Dungeon (14/15)            Temple (0/1) D:4            Lair (3/5) D:8
 Shoals (0/4) Lair:2        Snake (0/4) Lair:3          Orc (0/2) D:11
 Vaults (0/5) D:13        Gauntlet (visited)

Altars:
Dithmenos
Hepliaklqana
Makhleb
Okawaru
Trog
Uskayaw
Xom
Zin

Annotations:
D:8 2 transporters, Grum; crasatator's ghost, novice TrFi
D:12 2 transporters, GrimJard's ghost, journeyman DrCj
Lair:3 Nessos


Innate Abilities, Weirdness & Mutations

You can breathe blasts of fire.
Your fiery red scales are hard. (AC +8)
You cannot fit into any form of body armour.
Your flesh is heat resistant. (rF+)
You are cold-blooded and may be slowed by cold attacks.


Message History

The meliai is moderately wounded.
The two-headed ogre collides with the meliai!
You kill the meliai!
The two-headed ogre is lightly wounded.
The meliai hits you with a +4 hand axe. The meliai barely misses you.
The meliai hits you but does no damage.
The meliai stings you but does no damage.
Unknown command.
Unknown command.
Casting: Gell's Gravitas (safe; 1% risk of failure)
Confirm with . or Enter, or press ? or * to list all spells.
Aiming: Gell's Gravitas (safe; 1% risk of failure)
Press: ? - help, Dir - move target, f - meliai
Aim: a meliai, wielding a +4 hand axe and wearing a +0 leather armour (moderately wounded) Gravity reorients around the meliai.
The two-headed ogre collides with the meliai!
The meliai is heavily wounded.
The two-headed ogre is moderately wounded.
The meliai hits you with a +4 hand axe! The meliai closely misses you.
The meliai hits you with a +4 hand axe!
* * * LOW HITPOINT WARNING * * *
The meliai stings you but does no damage.
A tengu conjurer comes into view.
Unknown command.
Casting: Gell's Gravitas (safe; 1% risk of failure)
Confirm with . or Enter, or press ? or * to list all spells.
Aiming: Gell's Gravitas (safe; 1% risk of failure)
Press: ? - help, Dir - move target, f - two-headed ogre, p - meliai
Aim: a two-headed ogre shaped shifter (moderately wounded) Gravity reorients around the two-headed ogre.
The meliai collides with the two-headed ogre!
The two-headed ogre is moderately wounded.
The meliai is severely wounded.
The tengu conjurer shouts!
The meliai invokes the aid of its god against you.
Something smites you!
* * * LOW HITPOINT WARNING * * *
The meliai calls down the wrath of its god upon you.
Something smites you!
You die...

## #Q. ##... .'....####
#...Oy@.########
#....##........########
#... ########........#
##+ ########.. ###


You could see a two-headed ogre shaped shifter, a tengu conjurer and a meliai.

Vanquished Creatures
  An ironbound preserver (D:13)
  A minotaur (Gauntlet)
  4 hydras
  A boulder beetle (D:10)
  2 two-headed ogres (D:11)
  A death knight (D:12)
  3 centaur warriors (D:13)
  A tengu warrior (D:12)
  Amaemon (Lair:2)
  A necromancer (Gauntlet)
  6 ugly things
  2 manticores
  4 cyclopes
  2 elephants
  A shining eye (Gauntlet)
  3 black mambas
  2 gargoyles
  An orange demon (Lair:2)
  5 cane toads
  A kobold demonologist (D:12)
  2 minotaur zombies (Gauntlet)
  A tengu conjurer (D:13)
  An efreet (D:13)
  2 komodo dragons
  2 meliai (D:14)
  5 trolls
  A polar bear (Lair:2)
  8 slime creatures
  Grinder (D:5)
  A snapping turtle (Lair:2)
  10 blink frogs
  A water elemental (D:11)
  5 wraiths
  A shadow (D:10)
  31 yaks
  Eustachio (D:6)
  A vampire (D:12)
  4 wyverns
  3 basilisks
  A steam dragon (Lair:2)
  8 vampire mosquitoes (D:12)
  An acid dragon (D:8)
  2 water moccasins
  A floating eye (Gauntlet)
  An orc warrior (D:5)
  2 black bears
  24 wolves
  10 centaurs
  Blork the orc (D:4)
  3 kobold brigands
  6 bullfrogs
  2 necrophages
  A gnoll sergeant (D:11)
  6 scorpions
  10 wights
  5 killer bees
  3 electric eels
  2 howler monkeys
  2 hounds
  2 gnoll boudas
  2 orc priests
  Crazy Yiuf (D:6)
  Jessica (D:2)
  3 iguanas
  6 orc wizards
  16 gnolls
  7 adders
  A shadow imp (D:7)
  2 ufetubi
  A worm (D:2)
  2 dart slugs
  19 orcs
  6 endoplasms
  3 giant cockroaches
  5 goblins
  4 hobgoblins
  3 quokkas
  12 ball pythons
  13 bats
  3 frilled lizards
  15 kobolds
  6 rats
348 creatures vanquished.

Vanquished Creatures (others)
  An adder (D:2)
  34 fungi
  88 plants
  14 withered plants (Gauntlet)
137 creatures vanquished.

Grand Total: 485 creatures vanquished

Notes
Turn   | Place    | Note
-------+----------+-------------------------------------------
     0 | D:1      | Angani the Draconian Reaver began the quest for the Orb.
     0 | D:1      | Reached XP level 1. HP: 17/17 MP: 3/3
   207 | D:1      | Reached XP level 2. HP: 25/25 MP: 5/5
   567 | D:1      | Reached XP level 3. HP: 28/30 MP: 6/6
  1161 | D:2      | Reached XP level 4. HP: 38/38 MP: 7/7
  1258 | D:2      | Learned a level 2 spell: Momentum Strike
  1262 | D:2      | Learned a level 3 spell: Gell's Gravitas
  1558 | D:2      | Noticed Jessica
  1574 | D:2      | Killed Jessica
  1575 | D:2      | Reached skill level 1 in Translocations
  1851 | D:3      | Reached XP level 5. HP: 41/45 MP: 8/8
  1976 | D:3      | Found a hazy altar of Hepliaklqana.
  2044 | D:3      | Reached skill level 2 in Translocations
  2611 | D:4      | Found a glowing silver altar of Zin.
  2613 | D:4      | Found a bloodstained altar of Trog.
  2621 | D:4      | Became a worshipper of Zin the Law-Giver
  2621 | D:4      | Reached * piety under Zin
  2684 | D:4      | Noticed Blork the orc
  2693 | D:4      | Killed Blork the orc
  2694 | D:4      | Reached skill level 1 in Invocations
  2720 | D:4      | Found a staircase to the Ecumenical Temple.
  2735 | D:4      | Found a shadowy altar of Dithmenos.
  2752 | D:4      | Reached XP level 6. HP: 26/51 MP: 10/10
  2848 | D:4      | Found a burning altar of Makhleb.
  2917 | D:4      | Found a hide-covered altar of Uskayaw.
  3023 | D:4      | Identified the +2 leather armour of Agnosticism {rPois MP-9
                  | Int+2 SInv}
  3229 | D:4      | Reached skill level 3 in Translocations
  3265 | D:5      | Entered Level 5 of the Dungeon
  3874 | D:5      | Reached ** piety under Zin
  3933 | D:5      | Your scales start taking on a fiery red colour.
  3933 | D:5      | Reached XP level 7. HP: 49/57 MP: 11/13
  3933 | D:5      | Gained mutation: Your flesh is heat resistant. (rF+) [Red
                  | Draconian growth]
  4432 | D:5      | Learned a level 3 spell: Lesser Beckoning
  4436 | D:5      | Learned a level 3 spell: Teleport Other
  4438 | D:5      | Learned a level 1 spell: Apportation
  4548 | D:6      | Found a runed translucent door.
  4551 | D:6      | Noticed Crazy Yiuf
  4558 | D:6      | Killed Crazy Yiuf
  4632 | D:6      | Noticed Eustachio
  4642 | D:6      | Killed Eustachio
  4643 | D:6      | Reached skill level 4 in Translocations
  4710 | D:6      | Noticed Grinder
  4712 | D:6      | Paralysed by Grinder for 4 turns
  5007 | D:5      | Reached skill level 5 in Spellcasting
  5007 | D:5      | Reached XP level 8. HP: 35/63 MP: 15/15
  5108 | D:5      | Killed Grinder
  5109 | D:5      | Reached skill level 5 in Translocations
  5109 | D:5      | Reached skill level 5 in Invocations
  5299 | D:6      | Found the +7 Singing Sword {vorpal, sonic wave}
  5508 | D:6      | Found a shimmering altar of Xom.
  5606 | D:7      | Reached *** piety under Zin
  5671 | D:7      | Reached skill level 6 in Translocations
  6041 | D:7      | Reached XP level 9. HP: 57/70 MP: 18/18
  6308 | D:8      | Found a staircase to the Lair.
  6308 | D:8      | Noticed an elephant
  6324 | D:8      | Killed an elephant
  6342 | D:8      | Reached skill level 7 in Translocations
  6575 | D:8      | Noticed crasatator's ghost (novice TrFi)
  6688 | D:8      | Found an iron altar of Okawaru.
  6773 | D:8      | Found a transporter.
  6777 | D:8      | Noticed Grum
  6794 | D:8      | Identified the +5 spear of the Pill Bug {pain, Will+++}
  6794 | D:8      | Identified the +3 scale mail "Duxkoscho" {-Cast Harm rN+
                  | Will+}
  6842 | D:8      | Reached **** piety under Zin
  6932 | D:8      | Identified the ring of Moral Flaws {rElec rCorr Str+6 Int+4
                  | SInv}
  7130 | D:8      | Found a transporter.
  7579 | D:9      | Reached skill level 8 in Translocations
  7581 | D:9      | Reached XP level 10. HP: 73/77 MP: 11/21
  7971 | D:9      | Reached ***** piety under Zin
  8361 | D:10     | Entered Level 10 of the Dungeon
  8501 | D:10     | Reached skill level 9 in Translocations
  8648 | D:10     | Identified a scroll of acquirement
  8649 | D:10     | Acquired 871 gold pieces
  8650 | D:10     | Reached ****** piety under Zin
  8984 | D:10     | Noticed a boulder beetle
  9062 | Lair:1   | Entered Level 1 of the Lair of Beasts
  9068 | Lair:1   | Noticed a cane toad
  9175 | Lair:1   | Found a gate leading to a gauntlet.
  9192 | Gauntlet | Entered a Gauntlet
  9192 | Gauntlet | Found a transporter.
  9192 | Gauntlet | Found a transporter.
  9208 | Gauntlet | Noticed a necromancer
  9231 | Gauntlet | Found a transporter.
  9231 | Gauntlet | Found a transporter.
  9236 | Gauntlet | Noticed a shining eye
  9240 | Gauntlet | Found a transporter.
  9259 | Gauntlet | Found a transporter.
  9269 | Gauntlet | Found a transporter.
  9269 | Gauntlet | Noticed an orange crystal statue
  9270 | Gauntlet | Noticed a death drake
  9270 | Gauntlet | Found the macabre finger necklace {rN+}
  9271 | Gauntlet | Found a transporter.
  9271 | Gauntlet | Noticed a spectral centaur warrior
  9297 | Gauntlet | Found a transporter.
  9304 | Gauntlet | Found a transporter.
  9322 | Gauntlet | Found a transporter.
  9329 | Gauntlet | Noticed an elephant
  9368 | Gauntlet | Found a transporter.
  9370 | Gauntlet | Noticed an elephant
  9370 | Gauntlet | Noticed a torpor snail
  9372 | Gauntlet | Noticed an elephant
  9382 | Gauntlet | Found a transporter.
  9482 | Gauntlet | Found a transporter.
  9490 | Gauntlet | Noticed a wizard
  9496 | Gauntlet | Found a transporter.
  9509 | Gauntlet | Found a transporter.
  9771 | Gauntlet | Killed a necromancer
  9772 | Gauntlet | Reached skill level 10 in Invocations
  9819 | Gauntlet | Paralysed by a floating eye for 3 turns
  9825 | Gauntlet | Paralysed by a floating eye for 3 turns
  9829 | Gauntlet | Paralysed by a floating eye for 3 turns
  9832 | Gauntlet | Killed a shining eye
 10104 | Gauntlet | Noticed a minotaur
 10121 | Gauntlet | Was placed under penance by Zin
 10125 | Gauntlet | HP: 2/77 [minotaur/silver javelin (26)]
 10125 | Gauntlet | Zin protects you from harm!
 10126 | Gauntlet | Killed a minotaur
 10127 | Gauntlet | Reached XP level 11. HP: 3/82 MP: 8/24
 10366 | Gauntlet | Donated 687 gold pieces to Zin
 10383 | Gauntlet | Was forgiven by Zin
 10409 | Gauntlet | Reached skill level 10 in Translocations
 11305 | Lair:1   | Reached skill level 10 in Spellcasting
 11834 | Lair:1   | Learned a level 3 spell: Vhi's Electric Charge
 12235 | Lair:2   | Reached skill level 5 in Polearms
 12571 | Lair:2   | Reached skill level 5 in Fighting
 12599 | Lair:2   | Upgraded the game from 0.30-a0-422-g946f4849ff to
                  | 0.30-a0-424-g7412bad402
 12616 | Lair:2   | Noticed Amaemon
 12624 | Lair:2   | Killed Amaemon
 12907 | Lair:2   | Reached XP level 12. HP: 88/95 MP: 19/26
 13277 | Lair:2   | Reached skill level 5 in Dodging
 13517 | Lair:2   | Found a staircase to the Shoals.
 14322 | Lair:3   | Found a staircase to the Snake Pit.
 14393 | Lair:3   | Noticed a death yak
 14422 | Lair:3   | Noticed a death yak
 14428 | Lair:3   | Noticed a death yak
 14433 | Lair:3   | Noticed Nessos
 14437 | Lair:3   | Noticed a six-headed hydra
 14709 | D:10     | Killed a boulder beetle
 14997 | D:11     | Noticed a two-headed ogre
 15004 | D:11     | Killed a two-headed ogre
 15046 | D:11     | Found a burning altar of Makhleb.
 15651 | D:11     | Noticed a two-headed ogre
 15658 | D:11     | Killed a two-headed ogre
 15966 | D:11     | Found a staircase to the Orcish Mines.
 16490 | D:12     | Noticed a death knight
 16506 | D:12     | Killed a death knight
 16647 | D:12     | Reached XP level 13. HP: 61/111 MP: 13/27
 16833 | D:12     | Identified the +2 scale mail of Broken Taboos {Dex+6}
 17019 | D:12     | Found a transporter.
 17019 | D:12     | Noticed GrimJard's ghost (journeyman DrCj)
 17049 | D:12     | Found a transporter.
 18106 | D:13     | Noticed an ironbound preserver
 18107 | D:13     | Found a gate to the Vaults.
 18116 | D:13     | Killed an ironbound preserver
 18117 | D:13     | Reached skill level 10 in Fighting
 18284 | D:13     | Reached skill level 10 in Polearms
 19033 | D:13     | Upgraded the game from 0.30-a0-424-g7412bad402 to
                  | 0.30-a0-451-ge042605de7
 19240 | D:14     | Reached skill level 11 in Translocations
 19384 | D:14     | Killed from afar by a meliai

Illustrated notes

Levels and vault maps discovered:
D:1:      dpeg_arrival_short_road, layout_basic
D:2:      layout_basic, grunt_ministairs_13, uniq_jessica
D:3:      layout_loops_ring, worldfamousw_hep_ancestral_shrine
D:4:      layout_gridville, mainiacjoe_overflow_catwalk,
          nicolae_uskayaw_murder_on_the_dancefloor,
          mainiacjoe_overflow_brackets,
          chequers_temple_overflow_statue_of_worship, temple_fountains,
          uniq_blork_the_orc
D:5:      layout_loops_corners, serial_bayou_crossing
D:6:      old_forge, layout_cave_pools, mainiacjoe_overflow_chevrons,
          uniq_crazy_yiuf_cottage, uniq_grinder, uniq_eustachio
D:7:      layout_cave_pools, serial_park, serial_park_square2,
          serial_park_tiny_pond, serial_park_square2, serial_park_square2
D:8:      layout_basic, okawaru_ov_weapons_minmay, david_lair_generic,
          gammafunk_ghost_gnarly_gnolls
D:9:      layout_roguey, hangedman_decor_growths
D:10:     layout_stronghold, kennysheep_generic_room_9
D:11:     layout_basic, bloody_makhleb
D:12:     layout_long_grid, gammafunk_ghost_berserking_beasts, st_stairs_11,
          eino_tiny_chamber
D:13:     layout_loops_cross, skrybe_vaults_entry_preservation
D:14:     layout_roguey, amcnicky_mini_pool_small, worms_lemuel
Lair:1:   layout_concentric_octagons, gauntlet_entry_generic,
          chequers_serial_rivers_marsh, serial_bayou_ford_a
Lair:2:   layout_chaotic_city, minmay_shoals_entry_hut, grunt_megastairs_1,
          uniq_amaemon
Lair:3:   layout_gridlike, dummy_snake_entry, serial_bayou_lagoon_a,
          nicolae_lair_liquid_snakes, lemuel_fruit_tree, uniq_kirke, uniq_nessos

Skill      XL: |  1  2  3  4  5  6  7  8  9 10 11 12 13 |
---------------+----------------------------------------+-----
Fighting       | 3 5 9 10 | 10.1
Polearms       | 4 6 8 10 | 10.5
Translocations | 1 2 3 4 6 8 9 10 11 | 11.0
Spellcasting   | 3 4 5 6 7 9 10 | 10.1
Invocations    | 1 2 4 6 8 10 | 10.0
Dodging        | 4 7 9 |  9.2
Conjurations   | |  3.0

Action                   |  1- 3 |  4- 6 |  7- 9 | 10-12 | 13-15 || total
-------------------------+-------+-------+-------+-------+-------++-------
Melee: Spear             |    80 |   162 |   205 |   467 |    34 ||   948
       Dagger            |    28 |       |       |       |       ||    28
       Tailslap          |    11 |    14 |    23 |    48 |    27 ||   123
       Punch             |       |     2 |     1 |     5 |       ||     8
       Bardiche          |       |       |       |       |   113 ||   113
 Cast: Momentum Strike   |       |     2 |       |     1 |       ||     3
       Gell's Gravitas   |       |       |    36 |   153 |    27 ||   216
       Lesser Beckoning  |       |       |       |     3 |    11 ||    14
       Teleport Other    |       |       |       |     7 |       ||     7
       Apportation       |       |       |       |     1 |       ||     1
       Vhi's Electric Ch |       |       |       |     1 |       ||     1
Invok: Recite            |       |       |       |     3 |     2 ||     5
       Donate Gold       |       |       |       |     1 |       ||     1
       Vitalisation      |       |       |       |     1 |       ||     1
 Abil: Breathe Fire      |       |       |    22 |    54 |    23 ||    99
Evoke: Wand              |       |       |       |     6 |       ||     6
  Use: Scroll            |       |    10 |     5 |    21 |     7 ||    43
       Potion            |       |     2 |     1 |     5 |       ||     8
 Stab: Sleeping          |     1 |     3 |       |     2 |       ||     6
       Invisible         |       |     1 |       |     1 |       ||     2
       Distracted        |       |       |       |     1 |       ||     1
       Confused          |       |       |       |       |     1 ||     1
Armor: Skin              |    31 |    31 |   120 |   255 |   136 ||   573
Dodge: Dodged            |    39 |    62 |   155 |   354 |   149 ||   759

Table legend: (Time is in decaauts)
 A = Elapsed time spent in this place.
 B = Non-inter-level travel time spent in this place.
 C = Inter-level travel time spent in this place.
 D = Time resting spent in this place.
 E = Time spent auto-exploring this place.
 F = Levels seen in this place.
 G = Mean time per level.
                   A        B        C        D        E       F      G
               +--------+--------+--------+--------+--------+-----+--------+
         Total |  19291 |  18577 |    714 |   5934 |   9194 |  18 | 1071.7 |
       Dungeon |  13852 |  13279 |    573 |   3394 |   7591 |  14 |  989.4 |
          Lair |   3946 |   3806 |    140 |   1837 |   1291 |   3 | 1315.3 |
      Gauntlet |   1492 |   1492 |      0 |    703 |    312 |   1 | 1492.0 |
               +--------+--------+--------+--------+--------+-----+--------+

Top non-repeatable levels by time:
  Lair:2: 1974 daAuts
     D:5: 1563 daAuts
Gauntlet: 1492 daAuts
  Lair:1: 1467 daAuts
    D:13: 1432 daAuts
     D:8: 1370 daAuts
    D:12: 1361 daAuts
    D:11: 1264 daAuts
    D:10: 948 daAuts
     D:9: 928 daAuts
     D:2: 899 daAuts
     D:1: 873 daAuts
     D:3: 771 daAuts
     D:6: 722 daAuts
     D:4: 719 daAuts
